 Dungeon Crawl Stone Soup version 0.27-a0-597-g524d869a0f (webtiles) character file.

Game seed: 3245220672020910973

23 kae the Ruffian (level 2, -1/25 HPs)
             Began as a Naga Transmuter on Mar 11, 2021.
             Slain by a jackal (3 damage)
             ... on level 1 of the Dungeon.
             The game lasted 00:00:40 (773 turns).

kae the Ruffian (Naga Transmuter)                    Turns: 773, Time: 00:00:40

Health: -1/25      AC:  1    Str: 12    XL:     2   Next: 95%
Magic:  5/5        EV: 10    Int: 13    God:
Gold:   18         SH:  0    Dex: 11    Spells: 4/5 levels left

rFire    . . .     SeeInvis +     - Unarmed
rCold    . . .     Faith    .   (no shield)
rNeg     . . .     Spirit   .   a - +0 robe
rPois    +         Reflect  .   (helmet currently unavailable)
rElec    .         Harm     .   (no cloak)
rCorr    .         Rampage  .   (no gloves)
Will     .....                  (no barding)
Stlth    +.........             (no amulet)
HPRegen  0.08/turn              (no ring)
MPRegen  0.09/turn              (no ring)

@: short of breath, appendages (expiring), very slightly contaminated,
invisible, very slow
A: large, horns 2, see invisible, deformed body, poison resistance, slowness 2,
spit poison 1, naga tail 1, AC +0
a: Spit Poison, End Transformation


You were on level 1 of the Dungeon.
You had grown temporary horns.
You visited 1 branch of the dungeon, and saw 1 of its levels.

You collected 18 gold pieces.

Inventory:

Armour
 a - a +0 robe (worn)
Scrolls
 b - a scroll of random uselessness {unknown}
 c - 2 scrolls of teleportation {unknown}
 e - a scroll of fog {unknown}


   Skills:
 + Level 1.3 Fighting
 + Level 1.8 Dodging
 * Level 3.3 Unarmed Combat
 + Level 2.2 Spellcasting
 * Level 2.4 Transmutations


You had 4 spell levels left.
You knew the following spells:

 Your Spells              Type           Power      Damage    Failure   Level
a - Beastly Appendage     Tmut           14%        N/A       10%         1

Your spell library contained the following spells:

 Spells                   Type           Power      Damage    Failure   Level
 Wereblood                Tmut           7%         N/A       14%         2
 Spider Form              Tmut/Pois      2%         N/A       41%         3
 Ice Form                 Ice/Tmut       4%         N/A       83%         4
 Blade Hands              Tmut           3%         N/A       95%         5


Dungeon Overview and Level Annotations

Branches:
Dungeon (1/15)

Altars:


Innate Abilities, Weirdness & Mutations

Your serpentine skin is tough. (AC +0)
You have supernaturally acute eyesight. (SInv)
Armour fits poorly on your strangely shaped body.
Your system is resistant to poisons. (rPois)
You cover ground very slowly.
You can spit poison.
You have a snake-like lower body.
You have a pair of horns on your head.


Message History

Confirm with . or Enter, or press ? or * to list all spells.
You grow a pair of large bovine horns.
A jackal comes into view.
Abil: Spit Poison
Press: ? - help, Q - select action, (/) - cycle Shift-Dir - straight line, f - jackal
Aim: a jackal The splash of poison misses the jackal.
A jackal comes into view.
The jackal bites you. The jackal bites you.
* * * LOW HITPOINT WARNING * * *
The jackal barks! x2
The jackal bites you but does no damage.
You have got your breath back.
The jackal bites you.
* * * LOW HITPOINT WARNING * * *
You hit the jackal.
The jackal is lightly wounded.
The jackal bites you but does no damage.
You hit the jackal.
You kill the jackal!
It was a potion of invisibility.
You fade into invisibility!
Your transformation is almost over.
The jackal closely misses you. The jackal misses you.
You are very lightly contaminated with residual magic.
You catch the helpless jackal completely off-guard!
You hit the jackal.
You kill the jackal!
The jackal bites you.
* * * LOW HITPOINT WARNING * * *
Abil: Spit Poison
Press: ? - help, Q - select action, (/) - cycle Shift-Dir - straight line, f - jackal
Aim: a jackal The splash of poison misses the jackal.
The jackal barely misses you.
You barely miss the jackal. The jackal closely misses you.
You hit the jackal.
The jackal is moderately wounded.
The jackal barely misses you. The jackal bites you.
You die...

.. #. #. #. #. #.
#.####.############
......)...h@......#
..........#######.#
#########.# #.# #.#
#.# #.# #.# #.# #.#
#.# #.# #.# #.# #.#


You could see a jackal.

Vanquished Creatures
  An ooze (D:1)
  A bat (D:1)
  3 goblins (D:1)
  5 hobgoblins (D:1)
  2 jackals (D:1)
  A kobold (D:1)
  A frilled lizard (D:1)
  2 rats (D:1)
16 creatures vanquished.

Notes
Turn   | Place    | Note
-------+----------+-------------------------------------------
     0 | D:1      | kae the Naga Transmuter began the quest for the Orb.
     0 | D:1      | Reached XP level 1. HP: 18/18 MP: 3/3
   278 | D:1      | Reached XP level 2. HP: 18/25 MP: 3/5
   770 | D:1      | HP: 1/25 [jackal (3)]
   773 | D:1      | Slain by a jackal

Illustrated notes

Levels and vault maps discovered:
D:1:      dpeg_arrival_castle, layout_loops_ring, minmay_tetromino_s2

Action                   || total
-------------------------++-------
Melee: Unarmed           ||    37
       Headbutt          ||     7
 Cast: Beastly Appendage ||     8
 Abil: Spit Poison       ||    10
  Use: Potion            ||     1
 Stab: Invisible         ||     1
Armor: Robe              ||     7
Dodge: Dodged            ||    20

Table legend: (Time is in decaauts)
 A = Elapsed time spent in this place.
 B = Non-inter-level travel time spent in this place.
 C = Inter-level travel time spent in this place.
 D = Time resting spent in this place.
 E = Time spent auto-exploring this place.
 F = Levels seen in this place.
 G = Mean time per level.
                   A        B        C        D        E       F      G
               +--------+--------+--------+--------+--------+-----+--------+
         Total |    897 |    897 |      0 |      0 |    762 |   1 |  897.0 |
       Dungeon |    897 |    897 |      0 |      0 |    762 |   1 |  897.0 |
               +--------+--------+--------+--------+--------+-----+--------+

Top non-repeatable levels by time:
     D:1: 897 daAuts
